TOP OF THE 1ST |
Battle Ground Aeros batting - Pitching for San Bernardino Grasshoppers : RHP Eric Clark
|
Pitching: RHP Eric Clark
|
|
Batting: RHB Steve Duncan
|
0-0: Called Strike 0-1: Foul Ball, location: 2F 0-2: Strikes out swinging
|
Batting: RHB Dao-zi Dai
|
0-0: Called Strike 0-1: Ball 1-1: Swinging Strike 1-2: SINGLE (Line Drive, 6M)
|
Batting: SHB Ken Osborne
|
0-0: Fly out, F8 (Line Drive, 8RM)
|
Batting: RHB Wayne Cameron
|
0-0: Foul Ball, location: 2F 0-1: Ball 1-1: Ball 2-1: Ground out U3 (Groundball, 3S)
|
Top of the 1st over - 0 run(s), 1 hit(s), 0 error(s), 1 left on base; Battle Ground 0 - San Bernardino 0 |
BOTTOM OF THE 1ST |
San Bernardino Grasshoppers batting - Pitching for Battle Ground Aeros : RHP Mike Bentley
|
Pitching: RHP Mike Bentley
|
|
Batting: RHB Manny Carbajal
|
0-0: Called Strike 0-1: Ball 1-1: Ball 2-1: Ground out 6-3 (Groundball, 6)
|
Batting: RHB Jackson Shewman
|
0-0: Called Strike 0-1: Ball 1-1: Ball 2-1: Ball 3-1: Fly out, F9 (Flyball, 89M)
|
Batting: RHB Shawn Hicks
|
0-0: Called Strike 0-1: Ball 1-1: Called Strike 1-2: Strikes out swinging
|
Bottom of the 1st over - 0 run(s), 0 hit(s), 0 error(s), 0 left on base; Battle Ground 0 - San Bernardino 0 |
TOP OF THE 2ND |
Battle Ground Aeros batting - Pitching for San Bernardino Grasshoppers : RHP Eric Clark
|
Batting: SHB Shawn Sánchez
|
0-0: Ball 1-0: Ball 2-0: Ball 3-0: Called Strike 3-1: Base on Balls
|
Batting: LHB Jim Unknown
|
0-0: Ball 1-0: Ball 2-0: Called Strike 2-1: Foul Ball, location: 2F 2-2: Ball 3-2: Ground out 6-3 (Groundball, 6) Shawn Sánchez to second
|
Batting: RHB Adrian Draper
|
0-0: Ball 1-0: Ball 2-0: Called Strike 2-1: Foul Ball, location: 2F 2-2: Fly out, F7 (Flyball, 7LMF)
|
Batting: LHB Mike Parker
|
0-0: Ball 1-0: Ball 2-0: Ball 3-0: Called Strike 3-1: Called Strike 3-2: Base on Balls
|
Batting: RHB Augusto Flores
|
0-0: Ball 1-0: SINGLE (Groundball, 56D) Shawn Sánchez to third Mike Parker to second Runner from 3rd tries for Home, SAFE, no throw or cutoff
|
Batting: RHB Steve Duncan
|
0-0: Foul Ball, location: 2F 0-1: Called Strike 0-2: Strikes out swinging
|
Top of the 2nd over - 1 run(s), 1 hit(s), 0 error(s), 2 left on base; Battle Ground 1 - San Bernardino 0 |
BOTTOM OF THE 2ND |
San Bernardino Grasshoppers batting - Pitching for Battle Ground Aeros : RHP Mike Bentley
|
Batting: RHB Reggie Kahn
|
0-0: Ball 1-0: Swinging Strike 1-1: Foul Ball, location: 2F 1-2: Ball 2-2: Ball 3-2: Foul Ball, location: 2F 3-2: SINGLE (Groundball, 34D)
|
Batting: RHB Jack O'Brien
|
0-0: Ball 1-0: Foul Ball, location: 2F 1-1: Foul Ball, location: 2F 1-2: Reached on error, E1 (Groundball, 23) Reggie Kahn to second
|
Batting: RHB Justin Roberts
|
0-0: Called Strike 0-1: Ball 1-1: Ball 2-1: Swinging Strike 2-2: Foul Ball, location: 2F 2-2: Foul Ball, location: 2F 2-2: Ball 3-2: Fly out, F8 (Flyball, 8LM)
|
Batting: LHB Jesús Reyes
|
0-0: Foul Ball, location: 2F 0-1: Fly out, F6 (Popup, 56D)
|
Batting: RHB Dale O'Sullivan
|
0-0: Fly out, F3 (Line Drive, 3)
|
Bottom of the 2nd over - 0 run(s), 1 hit(s), 1 error(s), 2 left on base; Battle Ground 1 - San Bernardino 0 |
TOP OF THE 3RD |
Battle Ground Aeros batting - Pitching for San Bernardino Grasshoppers : RHP Eric Clark
|
Batting: RHB Dao-zi Dai
|
0-0: Called Strike 0-1: Foul Ball, location: 2F 0-2: Strikes out swinging
|
Batting: SHB Ken Osborne
|
0-0: Fly out, F4 (Popup, 4D)
|
Batting: RHB Wayne Cameron
|
0-0: Ball 1-0: Fly out, F2 (Popup, 25F)
|
Top of the 3rd over - 0 run(s), 0 hit(s), 0 error(s), 0 left on base; Battle Ground 1 - San Bernardino 0 |
BOTTOM OF THE 3RD |
San Bernardino Grasshoppers batting - Pitching for Battle Ground Aeros : RHP Mike Bentley
|
Batting: RHB Alfonso López
|
0-0: Ball 1-0: Ball 2-0: SINGLE (Groundball, 5D)
|
Batting: RHB Manny Carbajal
|
0-0: Called Strike 0-1: Called Strike 0-2: Ball 1-2: Strikes out swinging
|
Batting: RHB Jackson Shewman
|
0-0: Called Strike 0-1: Foul Ball, location: 2F 0-2: Foul Ball, location: 2F 0-2: Strikes out swinging
|
Batting: RHB Shawn Hicks
|
0-0: Ball 1-0: Called Strike 1-1: Ball 2-1: Foul Ball, location: 2F 2-2: Ball 3-2: Fly out, F8 (Line Drive, 8LM)
|
Bottom of the 3rd over - 0 run(s), 1 hit(s), 0 error(s), 1 left on base; Battle Ground 1 - San Bernardino 0 |
TOP OF THE 4TH |
Battle Ground Aeros batting - Pitching for San Bernardino Grasshoppers : RHP Eric Clark
|
Batting: SHB Shawn Sánchez
|
0-0: Ground out 3-1 (Groundball, 34S)
|
Batting: LHB Jim Unknown
|
0-0: Fly out, F6 (Popup, 56)
|
Batting: RHB Adrian Draper
|
0-0: Called Strike 0-1: Called Strike 0-2: Foul Ball, location: 2F 0-2: Strikes out looking
|
Top of the 4th over - 0 run(s), 0 hit(s), 0 error(s), 0 left on base; Battle Ground 1 - San Bernardino 0 |
BOTTOM OF THE 4TH |
San Bernardino Grasshoppers batting - Pitching for Battle Ground Aeros : RHP Mike Bentley
|
Batting: RHB Reggie Kahn
|
0-0: Foul Ball, location: 2F 0-1: Ball 1-1: Ball 2-1: SINGLE (Groundball, 56D)
|
Batting: RHB Jack O'Brien
|
0-0: Called Strike 0-1: Ball 1-1: Called Strike 1-2: DOUBLE (Groundball, 5L) Reggie Kahn to third
|
Batting: RHB Justin Roberts
|
0-0: Swinging Strike 0-1: Ball 1-1: Called Strike 1-2: Ball 2-2: Ball 3-2: Foul Ball, location: 2F 3-2: Fly out, F8 (Flyball, 8LM) Runner from 3rd tags up, SCORES, no throw
|
Batting: LHB Jesús Reyes
|
0-0: Foul Ball, location: 2F 0-1: Called Strike 0-2: Ball 1-2: SINGLE (Groundball, 6MD) (infield hit) Jack O'Brien to third
|
Pitching: RHP Bill Amey
|
|
Batting: RHB Dale O'Sullivan
|
0-0: Ball 1-0: Called Strike 1-1: Fly out, F8 (Flyball, 8RM)
|
Batting: RHB Alfonso López
|
0-0: Ball 1-0: Swinging Strike 1-1: Swinging Strike 1-2: Ball 2-2: Strikes out looking
|
Bottom of the 4th over - 1 run(s), 3 hit(s), 0 error(s), 2 left on base; Battle Ground 1 - San Bernardino 1 |
TOP OF THE 5TH |
Battle Ground Aeros batting - Pitching for San Bernardino Grasshoppers : RHP Eric Clark
|
Batting: LHB Mike Parker
|
0-0: Foul Ball, location: 2F 0-1: Ball 1-1: Reached on error, E6 (Groundball, 6)
|
Batting: RHB Augusto Flores
|
0-0: Ball 1-0: Swinging Strike 1-1: Swinging Strike 1-2: Ball 2-2: 2-RUN HOME RUN (Line Drive, 7D), Distance : 391 ft
|
Batting: RHB Steve Duncan
|
0-0: Called Strike 0-1: Foul Ball, location: 2F 0-2: Ball 1-2: Foul Ball, location: 2F 1-2: Strikes out looking
|
Batting: RHB Dao-zi Dai
|
0-0: Called Strike 0-1: Called Strike 0-2: Ball 1-2: Ball 2-2: Ball 3-2: Foul Ball, location: 2F 3-2: Strikes out looking
|
Batting: SHB Ken Osborne
|
0-0: Called Strike 0-1: Called Strike 0-2: Ball 1-2: Strikes out swinging
|
Top of the 5th over - 2 run(s), 1 hit(s), 1 error(s), 0 left on base; Battle Ground 3 - San Bernardino 1 |
BOTTOM OF THE 5TH |
San Bernardino Grasshoppers batting - Pitching for Battle Ground Aeros : RHP Bill Amey
|
Batting: RHB Manny Carbajal
|
0-0: Ball 1-0: Fly out, F8 (Flyball, 8RM)
|
Batting: RHB Jackson Shewman
|
0-0: Called Strike 0-1: Fly out, F5 (Line Drive, 5)
|
Batting: RHB Shawn Hicks
|
0-0: Swinging Strike 0-1: Ball 1-1: Called Strike 1-2: DOUBLE (Line Drive, 78M)
|
Batting: RHB Reggie Kahn
|
0-0: Ball 1-0: Ball 2-0: Foul Ball, location: 2F 2-1: Ball 3-1: Ground out 6-3 (Groundball, 6)
|
Bottom of the 5th over - 0 run(s), 1 hit(s), 0 error(s), 1 left on base; Battle Ground 3 - San Bernardino 1 |
TOP OF THE 6TH |
Battle Ground Aeros batting - Pitching for San Bernardino Grasshoppers : RHP Eric Clark
|
Batting: RHB Wayne Cameron
|
0-0: Called Strike 0-1: Called Strike 0-2: Strikes out swinging
|
Batting: SHB Shawn Sánchez
|
0-0: Ball 1-0: Called Strike 1-1: Called Strike 1-2: Foul Ball, location: 2F 1-2: Ball 2-2: Ball 3-2: Foul Ball, location: 2F 3-2: Foul Ball, location: 2F 3-2: Foul Ball, location: 2F 3-2: Fly out, F8 (Flyball, 8RS)
|
Batting: LHB Jim Unknown
|
0-0: Ball 1-0: Called Strike 1-1: Fly out, F8 (Flyball, 8RS)
|
Top of the 6th over - 0 run(s), 0 hit(s), 0 error(s), 0 left on base; Battle Ground 3 - San Bernardino 1 |
BOTTOM OF THE 6TH |
San Bernardino Grasshoppers batting - Pitching for Battle Ground Aeros : RHP Bill Amey
|
Batting: RHB Jack O'Brien
|
0-0: Called Strike 0-1: Foul Ball, location: 2F 0-2: Foul Ball, location: 2F 0-2: Ball 1-2: Strikes out swinging
|
Batting: RHB Justin Roberts
|
0-0: Swinging Strike 0-1: Foul Ball, location: 2F 0-2: Ball 1-2: Strikes out swinging
|
Batting: LHB Jesús Reyes
|
0-0: Swinging Strike 0-1: Foul Ball, location: 2F 0-2: Ball 1-2: Ball 2-2: Ball 3-2: SINGLE (Flyball, 7S)
|
Batting: RHB Dale O'Sullivan
|
0-0: Ball Wild Pitch! Jesús Reyes to second 1-0: Ball 2-0: Fly out, F9 (Flyball, 9M)
|
Bottom of the 6th over - 0 run(s), 1 hit(s), 0 error(s), 1 left on base; Battle Ground 3 - San Bernardino 1 |
TOP OF THE 7TH |
Battle Ground Aeros batting - Pitching for San Bernardino Grasshoppers : RHP Eric Clark
|
Batting: RHB Adrian Draper
|
0-0: Foul Ball, location: 2F 0-1: Ball 1-1: Ball 2-1: Ball 3-1: Base on Balls
|
Pitching: LHP Earl Brown
|
|
Batting: LHB Mike Parker
|
0-0: Bunted foul 0-1: Sac Bunt - play at first, batter OUT! 1-4 Adrian Draper to second
|
Batting: RHB Augusto Flores
|
0-0: Intentional Walk
|
Batting: RHB Steve Duncan
|
0-0: Ball 1-0: Foul Ball, location: 2F 1-1: Ball 2-1: Ball 3-1: Called Strike 3-2: Strikes out swinging
|
Batting: RHB Dao-zi Dai
|
0-0: Fly out, F7 (Flyball, 7LM)
|
Top of the 7th over - 0 run(s), 0 hit(s), 0 error(s), 2 left on base; Battle Ground 3 - San Bernardino 1 |
BOTTOM OF THE 7TH |
San Bernardino Grasshoppers batting - Pitching for Battle Ground Aeros : RHP Bill Amey
|
Pitching: RHP Dominic Parker
|
|
Batting: RHB Alfonso López
|
0-0: Ball 1-0: Swinging Strike 1-1: Called Strike 1-2: Strikes out swinging
|
Batting: RHB Manny Carbajal
|
0-0: Ball 1-0: Ball 2-0: Called Strike 2-1: Swinging Strike 2-2: Ball 3-2: Fly out, F2 (Popup, 23F)
|
Batting: RHB Jackson Shewman
|
0-0: Called Strike 0-1: Called Strike 0-2: Fly out, F8 (Flyball, 8LM)
|
Bottom of the 7th over - 0 run(s), 0 hit(s), 0 error(s), 0 left on base; Battle Ground 3 - San Bernardino 1 |
TOP OF THE 8TH |
Battle Ground Aeros batting - Pitching for San Bernardino Grasshoppers : LHP Earl Brown
|
Batting: SHB Ken Osborne
|
0-0: Ball 1-0: Ball 2-0: Called Strike 2-1: SINGLE (Line Drive, 7LS)
|
Batting: RHB Wayne Cameron
|
0-0: Called Strike 0-1: Ball 1-1: Ball 2-1: Ball 3-1: Foul Ball, location: 2F 3-2: Strikes out looking
|
Batting: SHB Shawn Sánchez
|
0-0: Ball 1-0: Ball 2-0: Called Strike 2-1: Ball 3-1: SINGLE (Flyball, 9S) Ken Osborne to second Runner from 2nd tries for 3rd, SAFE, throw made to third
|
Pinch Runner at 3rd Miguel Angel González:
|
|
Batting: LHB Jim Unknown
|
0-0: Ball 1-0: Ball 2-0: Swinging Strike 2-1: Ball 3-1: Base on Balls Shawn Sánchez to second
|
Batting: RHB Adrian Draper
|
0-0: Reached on error, E6 (Groundball, 6) Miguel Angel González scores Shawn Sánchez to third Jim Unknown to second
|
Pinch Hitting: RHB Jorge Rivera
|
0-0: Called Strike 0-1: Swinging Strike 0-2: Strikes out looking
|
Batting: RHB Augusto Flores
|
0-0: Ball 1-0: Called Strike 1-1: Ground out 4-3 (Groundball, 4)
|
Top of the 8th over - 1 run(s), 2 hit(s), 1 error(s), 3 left on base; Battle Ground 4 - San Bernardino 1 |
BOTTOM OF THE 8TH |
San Bernardino Grasshoppers batting - Pitching for Battle Ground Aeros : RHP Dominic Parker
|
Now at SS: Miguel Angel González
|
|
Now in LF: Carlos Álvarez
|
|
Batting: RHB Shawn Hicks
|
0-0: Ball 1-0: Fly out, F8 (Flyball, 8LM)
|
Batting: RHB Reggie Kahn
|
0-0: Ball 1-0: Swinging Strike 1-1: Fly out, F6 (Line Drive, 6)
|
Batting: RHB Jack O'Brien
|
0-0: Ball 1-0: Called Strike 1-1: Foul Ball, location: 2F 1-2: Ball 2-2: Foul Ball, location: 2F 2-2: Fly out, F7 (Line Drive, 7M)
|
Bottom of the 8th over - 0 run(s), 0 hit(s), 0 error(s), 0 left on base; Battle Ground 4 - San Bernardino 1 |
TOP OF THE 9TH |
Battle Ground Aeros batting - Pitching for San Bernardino Grasshoppers : LHP Earl Brown
|
Pitching: RHP César Rivera
|
|
Batting: RHB Steve Duncan
|
0-0: Called Strike 0-1: Ball 1-1: Called Strike 1-2: Strikes out swinging
|
Batting: RHB Dao-zi Dai
|
0-0: Ball 1-0: Foul Ball, location: 2F 1-1: Ground out 4-3 (Groundball, 4M)
|
Batting: RHB Miguel Angel González
|
0-0: Ball 1-0: Called Strike 1-1: Ground out 1-3 (Groundball, 13S)
|
Top of the 9th over - 0 run(s), 0 hit(s), 0 error(s), 0 left on base; Battle Ground 4 - San Bernardino 1 |
BOTTOM OF THE 9TH |
San Bernardino Grasshoppers batting - Pitching for Battle Ground Aeros : RHP Dominic Parker
|
Pitching: RHP Rex Hood
|
|
Batting: RHB Justin Roberts
|
0-0: Swinging Strike 0-1: Foul Ball, location: 2F 0-2: Strikes out looking
|
Batting: LHB Jesús Reyes
|
0-0: Called Strike 0-1: Foul Ball, location: 2F 0-2: Strikes out swinging
|
Batting: RHB Dale O'Sullivan
|
0-0: Ball 1-0: Ball 2-0: Foul Ball, location: 2F 2-1: Ball 3-1: Base on Balls
|
Batting: RHB Alfonso López
|
0-0: Ball 1-0: Foul Ball, location: 2F 1-1: Swinging Strike 1-2: Ball 2-2: Foul Ball, location: 2F 2-2: Ball 3-2: Base on Balls Dale O'Sullivan to second
|
Batting: RHB Manny Carbajal
|
0-0: Ball Wild Pitch! Dale O'Sullivan to third Alfonso López to second 1-0: Called Strike 1-1: Ball 2-1: Foul Ball, location: 2F 2-2: Ball 3-2: Base on Balls
|
Pinch Hitting: RHB Mike Alford
|
0-0: Swinging Strike 0-1: Foul Ball, location: 2F 0-2: SINGLE (Groundball, 6MD) Dale O'Sullivan scores Alfonso López to third Manny Carbajal to second Runner from 3rd tries for Home, SAFE, no throw or cutoff
|
Pitching: RHP Jim Unknown
|
|
Batting: RHB Shawn Hicks
|
0-0: Swinging Strike 0-1: Ball 1-1: Called Strike 1-2: Foul Ball, location: 2F 1-2: Fly out, F9 (Flyball, 9M)
|
Bottom of the 9th over - 2 run(s), 1 hit(s), 0 error(s), 2 left on base; Battle Ground 4 - San Bernardino 3 |
|